cohdb
Replays
Latest Replays
All Replays
Popular Replays
Top Player Replays
Match Explorer
How It Works
Community
CoH3 Stats
Reddit
Sign in to upload your games and track your stats! →
Sign in with Steam
Match 43294604
Unlisted
Match 43294604
Overview
Messages
Build Orders
End
Construct Weapon Support Center
Scout Squad
M1919 Machine Gun Team
Engineer Squad
M1919 Machine Gun Team
.30 cal Machine Gun
Bazooka Squad
Mechanized Support Center
Mortar Pit
.30 cal Machine Gun
M3 Armored Personnel Carrier
Selects Armored Battlegroup
Selects Veteran Crews
Selects M31 Recovery Vehicle
Mortar Pit
Bazooka Squad
Improved M9 Bazooka Rockets
Construct Tank Depot
Engineer Squad
Bazooka Squad
M4(105) Sherman Bulldozer
Improvised Armor
Designate Forward Repair Station
M3 Armored Personnel Carrier
Scout Squad
Scout Squad
M1919 Machine Gun Team
Bazooka Squad
M4(105) Sherman Bulldozer
Selects War Machine
Selects Strength in Steel
Selects Seek and Destroy
Selects UNKNOWN (2160077)
Rapid Repairs
M31 Recovery Vehicle
M18 Hellcat Tank Destroyer
Designate Forward Repair Station
Scout Squad
Bazooka Squad
gmurraymiami305
alejo
ikersus25
DOK1JElly
simranjitsingh713
tillre
0
0
Comments
sign in to comment!
No comments posted yet!